Map: Romanticide LE

Players

ViBE - Winner!

  • Race: Terran Terran
  • League: Diamond

Grimfaith

  • Race: Zerg Zerg
  • League: Platinum

VOD

Have the link to the VOD?

Description

Time

  • Played on: April 7, 2021, 6:54 p.m.
  • Length: 16:24
Show
View Real Time Build Order
Export as new Build Order

ViBE Terran - Winner!

Build Orders:  

Get SALT Encoding   

  12  0:00  SCV  
  13  0:12  SCV  
  14  0:17  Supply Depot  
  14  0:25  SCV  
  15  0:39  SCV  
  15  0:40  Barracks  
  16  0:44  Refinery  
  16  0:52  SCV  
  17  1:04  SCV  
  18  1:16  SCV  
  19  1:28  Marine  
  19  1:29  Orbital Command  
  20  1:40  Command Center  
  20  1:50  Marine  
  20  1:52  Supply Depot  
  21  2:02  SCV  
  21  2:08  Factory  
  22  2:15  Barracks Reactor  
  22  2:16  SCV  
  23  2:24  Supply Depot  
  23  2:28  SCV  
  24  2:40  SCV  
  25  2:52  SCV  
  25  2:53  Marine x2, Barracks, Factory Tech Lab  
  28  2:58  Orbital Command  
  28  3:04  SCV  
  29  3:08  Refinery  
  29  3:13  Marine x2  
  29  3:15  Siege Tank  
  29  3:16  SCV  
  35  3:21  Supply Depot  
  35  3:25  SCV  
  36  3:32  SCV  
  36  3:33  Marine x2  
  39  3:37  SCV  
  40  3:41  Barracks Tech Lab  
  40  3:44  SCV  
  40  3:46  Starport  
  41  3:49  SCV  
  41  3:52  Supply Depot  
  42  3:56  SCV  
  42  3:57  Marine  
  42  3:58  Marine  
  42  4:01  SCV  
  46  4:05  Marine, Siege Tank  
  46  4:08  SCV  
  51  4:13  SCV  
  51  4:15  Supply Depot  
  52  4:19  Marine  
  52  4:20  Marine, SCV  
  52  4:21  Stimpack  
  52  4:23  Marine  
  56  4:25  SCV  
  57  4:32  SCV  
  58  4:38  Supply Depot, SCV  
  58  4:43  Command Center  
  58  4:44  SCV  
  60  4:49  Starport Reactor  
  60  4:50  Marine x3  
  63  4:53  SCV  
  63  4:55  Siege Tank  
  63  4:56  SCV  
  68  5:04  Supply Depot  
  68  5:07  SCV  
  68  5:12  SCV  
  70  5:15  Refinery  
  70  5:16  Refinery  
  70  5:17  Marine x3  
  70  5:18  Engineering Bay  
  70  5:19  SCV, Engineering Bay  
  74  5:24  SCV  
  75  5:31  SCV  
  76  5:36  SCV  
  77  5:42  Marine  
  77  5:43  Marine x2, SCV  
  77  5:44  Medivac x2  
  77  5:48  SCV  
  86  5:55  SCV, Orbital Command  
  87  6:00  Marine, SCV  
  87  6:01  Marine x2, Supply Depot  
  87  6:02  Supply Depot  
  91  6:05  Terran Infantry Armor Level 1, Terran Infantry Weapons Level 1  
  91  6:07  SCV  
  92  6:12  SCV  
  92  6:15  Barracks  
  92  6:16  Barracks  
  93  6:20  SCV, Barracks  
  93  6:24  SCV, Orbital Command  
  95  6:32  SCV  
  96  6:37  SCV  
  97  6:41  Marine x3, Medivac x2  
  97  6:44  SCV  
  97  6:45  Armory  
  105  6:49  SCV  
  105  6:50  SCV  
  107  6:56  SCV  
  107  7:01  SCV  
  109  7:02  SCV  
  109  7:04  Marine  
  109  7:05  Marine, Command Center  
  109  7:07  Barracks Reactor x3  
  109  7:08  Marine, SCV  
  113  7:10  Combat Shield  
  113  7:13  SCV  
  113  7:14  SCV  
  116  7:20  SCV  
  117  7:25  SCV  
  117  7:27  SCV  
  114  7:32  SCV  
  114  7:33  Marine  
  114  7:34  Marine x2  
  115  7:37  SCV  
  115  7:39  SCV  
  115  7:40  Refinery  
  115  7:41  Refinery  
  115  7:42  Terran Vehicle Weapons Level 1  
  113  7:44  Marine, SCV  
  113  7:45  Marine x5  
  113  7:47  Thor  
  113  7:49  SCV, Medivac  
  125  7:55  Barracks x2  
  125  7:56  Barracks  
  125  7:58  Barracks  
  125  8:00  Supply Depot  
  125  8:01  Supply Depot  
  125  8:03  Marine x4, SCV x2, Medivac  
  133  8:08  Marine x2, SCV  
  133  8:09  Marine  
  133  8:10  Marine  
  138  8:15  Marine, Supply Depot  
  138  8:16  SCV x2, Supply Depot  
  138  8:19  Terran Infantry Armor Level 2, Terran Infantry Weapons Level 2  
  141  8:20  SCV  
  141  8:21  Marine x4  
  141  8:25  Marine x2  
  148  8:27  Marine x2, Command Center  
  148  8:29  SCV x2  
  148  8:32  SCV  
  148  8:33  Marine  
  154  8:39  Marine x4  
  158  8:41  SCV  
  158  8:43  Marine  
  158  8:44  Thor  
  158  8:48  Planetary Fortress  
  166  8:58  Supply Depot  
  166  8:59  Barracks Reactor x4, Supply Depot  
  166  9:01  Marine x5  
  166  9:02  Marine  
  172  9:03  Marine  
  172  9:09  Medivac x2  
  177  9:31  Barracks x2  
  173  9:32  Barracks  
  173  9:34  Barracks  
  173  9:36  Marine x12  
  173  9:37  Marine x5  
  173  9:38  Thor  
  190  9:39  Medivac x2  
  190  9:43  Command Center  
  200  9:46  Terran Vehicle Weapons Level 2  
  200  9:57  Factory  
  200  9:59  Barracks  
  200  10:00  Starport  
  200  10:01  Barracks  
  200  10:02  Barracks  
  200  10:04  Barracks  
  200  10:23  Marine x4  
  181  10:38  SCV x4  
  181  10:40  Planetary Fortress  
  176  10:50  SCV x3  
  176  10:51  SCV  
  176  10:54  Starport Reactor, Factory Tech Lab  
  176  10:55  Marine x4  
  176  10:56  Marine x12  
  197  10:59  Barracks Reactor x4  
  197  11:00  Concussive Shells  
  197  11:02  SCV, Terran Infantry Weapons Level 3, Terran Infantry Armor Level 3  
  197  11:03  SCV  
  198  11:11  SCV x2  
  200  11:20  Barracks Tech Lab x4  
  200  11:27  Command Center  
  200  12:15  Marine x18, Marauder x5  
  186  12:16  Marine x5  
  186  12:17  Thor  
  186  12:18  Medivac x2  
  186  12:20  Thor  
  186  12:22  Medivac x2  
  163  12:36  Marauder x3  
  167  12:48  Marine x13, Marauder x2  
  167  12:49  Marine x11  
  167  12:50  SCV x6  
  191  12:57  Marauder  
  191  12:58  Marauder x2  
  197  12:59  Planetary Fortress  
  197  13:02  SCV x2  
  200  13:09  Command Center  
  195  13:37  SCV  
  195  13:38  SCV x5  
  193  13:49  Planetary Fortress  
  193  13:50  SCV x3  
  196  14:07  Neosteel Armor, Hi-Sec Auto Tracking  
  196  14:16  SCV x3  
  199  14:17  Marine  
  199  14:22  Command Center  
  192  14:35  SCV x4  
  192  14:36  SCV  
  192  14:37  Planetary Fortress  
  195  14:40  Marine, Marauder x2  
  200  14:52  Marine x6, Marauder x3  
  195  14:53  Marine  
  195  14:55  Supply Depot  
  195  14:58  Supply Depot  
  200  15:04  Thor  
  195  15:11  Marauder  
  195  15:12  Marine x9  
  199  15:17  Command Center  
  199  15:19  Marine x5  
  199  15:20  Marine x2  
  200  15:21  Marine x2  
  194  15:30  Marine  
  194  15:32  Marine x3  
  194  15:33  Marine x10, Medivac x2  
  194  15:34  Marine  
  200  15:40  Supply Depot  
  200  15:41  Supply Depot x2  
  200  15:42  Supply Depot  
  183  15:53  Marine  
  183  15:55  Marine x3  
  179  16:01  Marauder  
  179  16:03  SCV x4  
Show
View Real Time Build Order
Export as new Build Order

Grimfaith Zerg 

Build Orders: Hatch First, Roach Hydra 

Get SALT Encoding   

  12  0:02  Drone  
  13  0:13  Overlord  
  13  0:21  Drone  
  14  0:31  Drone x2  
  16  0:50  Hatchery  
  16  0:53  Drone  
  16  0:56  Drone  
  17  1:00  Drone  
  18  1:08  Extractor, Drone  
  18  1:20  Spawning Pool  
  18  1:22  Drone  
  18  1:28  Drone  
  19  1:39  Drone  
  20  1:50  Overlord  
  20  2:07  Queen  
  20  2:08  Queen  
  22  2:11  Zergling x4  
  22  2:13  Drone x2  
  28  2:22  Drone  
  29  2:23  Metabolic Boost  
  29  2:26  Drone  
  30  2:33  Drone  
  31  2:44  Overlord  
  31  2:47  Hatchery  
  31  2:49  Overlord  
  30  3:01  Overlord  
  30  3:03  Drone x2  
  32  3:12  Drone  
  33  3:13  Drone  
  33  3:17  Drone x4  
  38  3:20  Drone  
  38  3:25  Drone x2  
  38  3:26  Drone  
  42  3:29  Overlord  
  42  3:32  Queen  
  44  3:37  Drone  
  44  3:40  Drone  
  46  3:45  Roach Warren, Drone x2  
  47  3:54  Extractor  
  46  3:58  Overlord  
  46  3:59  Drone x4  
  46  4:00  Drone  
  51  4:05  Extractor  
  51  4:08  Drone x2  
  52  4:25  Lair  
  52  4:30  Overlord  
  54  4:31  Roach x4  
  54  4:34  Roach  
  54  4:38  Hatchery, Overlord  
  60  4:39  Drone  
  60  4:41  Drone  
  60  4:43  Drone  
  60  4:44  Drone  
  64  4:47  Drone  
  65  4:55  Extractor  
  64  5:04  Overlord  
  64  5:05  Drone x8  
  72  5:13  Queen  
  74  5:23  Extractor  
  74  5:27  Hydralisk Den  
  72  5:31  Drone, Evolution Chamber  
  72  5:32  Drone x7, Overlord  
  72  5:33  Evolution Chamber  
  78  5:54  Extractor, Drone x4  
  78  5:55  Drone x7  
  88  6:06  Muscular Augments, Glial Reconstitution  
  88  6:08  Infestation Pit  
  88  6:10  Roach x4  
  95  6:17  Queen  
  97  6:21  Zerg Missile Weapons Level 1  
  97  6:23  Zerg Ground Armor Level 1  
  97  6:24  Roach x3  
  103  6:31  Overlord x2  
  103  6:39  Overlord x2  
  103  6:45  Hive  
  103  6:50  Drone  
  103  6:51  Drone x8  
  103  6:53  Drone x2  
  103  6:54  Drone, Hatchery  
  114  7:05  Drone x8  
  114  7:07  Overlord x2  
  122  7:17  Grooved Spines  
  121  7:45  Hydralisk x15  
  121  7:46  Hatchery  
  150  7:52  Overlord x2  
  150  8:22  Zerg Missile Weapons Level 2  
  150  8:23  Zerg Ground Armor Level 2, Ultralisk Cavern  
  150  8:26  Roach x3  
  150  8:27  Roach x6  
  167  8:29  Overlord x2  
  167  8:39  Overlord x2  
  167  8:43  Extractor  
  167  8:44  Extractor  
  167  8:45  Overlord x2  
  165  8:49  Hydralisk x9  
  165  8:55  Overseer  
  183  8:59  Hydralisk x4  
  183  9:01  Roach  
  183  9:02  Roach  
  195  9:03  Roach  
  197  9:12  Chitinous Plating  
  197  9:28  Hydralisk  
  199  9:36  Spine Crawler  
  198  10:11  Overlord x2  
  198  10:14  Adrenal Glands  
  195  10:19  Ultralisk x2  
  195  10:20  Ultralisk  
  193  10:21  Ultralisk  
  165  10:30  Zergling x2, Ultralisk  
  165  10:31  Zergling x44  
  148  10:46  Zergling x18  
  157  10:54  Roach x7  
  171  11:08  Zergling x10  
  176  11:17  Extractor  
  175  11:19  Extractor  
  175  11:23  Anabolic Synthesis  
  175  11:25  Zerg Melee Weapons Level 1  
  174  11:27  Zergling x26  
  174  11:30  Hatchery  
  186  11:38  Drone x4  
  186  11:39  Drone  
  191  11:45  Ultralisk  
  160  12:18  Zergling x38  
  160  12:19  Zergling x12  
  163  12:29  Zergling x2  
  163  12:30  Zergling x8  
  158  12:51  Zergling x2  
  158  12:52  Zergling x24  
  158  12:56  Swarm Host  
  168  13:15  Spire  
  168  13:17  Ultralisk x5  
  195  13:33  Zergling x16  
  195  13:34  Zergling x8  
  196  13:47  Zergling x2  
  196  13:48  Zergling x20  
  186  13:49  Ultralisk x2  
  190  14:41  Zergling x26  
  190  14:42  Zergling x4  
  159  15:06  Hatchery  
  151  15:13  Overlord x2  
  151  15:14  Overlord x2  
Tags
 
Add a new tag
Caveats
  • Supply blocks, unpowered buildings, or Contaminate may cause inaccurate times.
  • Supply counts are checked every 10 seconds.